 Dungeon Crawl Stone Soup version 0.31-a0-219-g8d62b2e7bb (webtiles) character file.

Game seed: 1909251256375012168

25891 experimilk the Tainter (level 12, -11/81 HPs)
             Began as a White Draconian Venom Mage on July 3, 2023.
             Was an Elder of Vehumet.
             Mangled by a sun demon (17 damage)
             ... in a volcano.
             The game lasted 01:06:00 (26665 turns).

experimilk the Tainter (DrVM)                      Turns: 26665, Time: 01:06:01

Health: -11/81     AC: 13    Str: 11    XL:     12   Next: 93%
Magic:  1/34       EV: 15    Int: 20    God:    Vehumet [****..]
Gold:   925        SH:  0    Dex: 12    Spells: 9/29 levels left

rFire   + . .        b - +2 rapier (vamp)
rCold   + . .        (no shield)
rNeg    . . .        (body armour unavailable)
rPois   .            g - +2 hat {SInv}
rElec   .            J - +0 cloak
rCorr   .            K - +1 pair of gloves
SInv    +            (no boots)
Will    .....        (no amulet)
Stlth   ++           s - ring of magical power
HPRegen 0.33/turn    E - ring of protection from fire
MPRegen 0.24/turn

%: no passive effects
@: no status effects
A: breathe frost, AC +8, unfitting armour, cold resistance 1, cold-blooded
a: Breathe Frost, Renounce Religion


You were in a volcano.
You worshipped Vehumet.
Vehumet was greatly pleased with you.
You visited 3 branches of the dungeon, and saw 14 of its levels.
You also visited: Ossuary and Volcano.

You collected 925 gold pieces.

Inventory:

Hand Weapons
 b - a +2 vampiric rapier (weapon)
Missiles
 H - a throwing net
Armour
 g - a +2 hat of see invisible (worn)
 J - a +0 cloak (worn)
 K - a +1 pair of gloves (worn)
Magical Staves
 a - a staff of poison
Jewellery
 f - an amulet of guardian spirit
 n - a +6 ring of strength
 q - a +4 ring of slaying
 s - a ring of magical power (left hand)
 v - a ring of magical power
 E - a ring of protection from fire (right hand)
Wands
 h - a wand of flame (6)
 k - a wand of digging (8)
 t - a wand of paralysis (11)
 x - a wand of iceblast (11)
 A - a wand of mindburst (3)
Scrolls
 c - 8 scrolls of fog
 e - 12 scrolls of teleportation
 p - a scroll of immolation
 u - 3 scrolls of blinking
 y - 4 scrolls of poison
 I - a scroll of fear
Potions
 d - 4 potions of haste
 j - a potion of enlightenment {unknown}
 l - 5 potions of curing
 m - a potion of ambrosia {unknown}
 o - a potion of berserk rage
 r - 2 potions of brilliance
 B - 2 potions of degeneration {unknown}
 C - a potion of heal wounds
 D - a potion of attraction {unknown}
 F - a potion of invisibility {unknown}
 G - a potion of mutation {unknown}


   Skills:
 * Level 2.4 Short Blades
 - Level 9.0 Dodging
 - Level 1.7 Stealth
 - Level 9.0 Spellcasting
 - Level 9.0 Conjurations
 - Level 9.0 Summonings
 - Level 1.0 Transmutations
 - Level 9.0 Air Magic
 - Level 9.0 Poison Magic


You had 9 spell levels left.
You knew the following spells:

 Your Spells              Type           Power      Damage    Failure   Level
a - Beastly Appendage     Tmut           26%        N/A       4%          1
b - Poisonous Vapours     Pois/Air       90%        N/A       1%          2
c - Mephitic Cloud        Conj/Pois/Air  45%        N/A       1%          3
d - Sting                 Tmut/Pois      100%       1d8       1%          1
v - Summon Lightning Spi  Summ/Air       45%        N/A       1%          4
x - Olgreb's Toxic Radia  Pois           45%        N/A       1%          4
z - Arcjolt               Conj/Air       22%        1d32      1%          5

Your spell library contained the following spells:

 Spells                   Type           Power      Damage    Failure   Level
 Yara's Violent Unravell  Hex/Tmut       5%         3d4       38%         5
 Momentum Strike          Conj/Tloc      54%        3d9       1%          2
 Stone Arrow              Conj/Erth      54%        3d10      1%          3
 Spider Form              Tmut/Pois      29%        N/A       3%          3
 Vhi's Electric Charge    Tloc/Air       54%        N/A       3%          3
 Necrotise                Necr           36%        1d5       8%          1
 Slow                     Hex            36%        N/A       8%          1
 Wereblood                Tmut           13%        N/A       8%          2
 Blink                    Tloc           18%        N/A       12%         2
 Lesser Beckoning         Tloc           18%        N/A       12%         2
 Confusing Touch          Hex            9%         N/A       22%         3
 Vampiric Draining        Necr           9%         2d6       22%         3
 Blade Hands              Tmut           6%         N/A       80%         5
 Agony                    Necr           9%         N/A       91%         5
 Maxwell's Capacitive Co  Air            22%        ∞         95%         8
 Lehudib's Crystal Spear  Conj/Erth      13%        10d5      100%        8
 Animate Armour           Summ/Erth      Unusable   N/A       N/A         4

Dungeon Overview and Level Annotations

Branches:
Dungeon (10/15)            Temple (1/1) D:7            Lair (3/5) D:10
 Shoals (0/4) Lair:2        Snake (0/4) Lair:3          Orc (0/2) D:10
Ossuary (visited)         Volcano (1/1)

Altars:
Ashenzari
Cheibriados
Dithmenos
Elyvilon
Fedhas
Gozag
Hepliaklqana
Kikubaaqudgha
Nemelex Xobeh
Okawaru
Qazlal
Ru
Sif Muna
Trog
Uskayaw
Vehumet
Wu Jian
Xom
Yredelemnul
Zin
The Shining One

Annotations:
D:2 1 runed translucent door, Crazy Yiuf
D:7 2 transporters, rinse's ghost, novice VSBr
D:8 1 runed translucent door, innerfire43's ghost, novice DsMo
Temple 2 transporters


Innate Abilities, Weirdness & Mutations

You can breathe waves of freezing cold which knock back foes.
Your icy white scales are hard. (AC +8)
You cannot fit into any form of body armour.
Your flesh is cold resistant. (rC+)
You are cold-blooded and may be slowed by cold attacks.


Message History

The sun demon closely misses you.
Your lightning spire shoots out a bolt of lightning at the sun demon!
The bolt of electricity hits the sun demon.
The sun demon resists.
Casting: Arcjolt (dangerous; 1% risk of failure)
Confirm with . or Enter, or press ? or * to list all spells.
Electricity surges outward!
The sun demon resists.
The sun demon is struck by an electric surge!
The sun demon is severely wounded.
The sun demon hits you but does no damage.
Unknown command.
Casting: Arcjolt (dangerous; 1% risk of failure)
Confirm with . or Enter, or press ? or * to list all spells.
Electricity surges outward!
The sun demon resists.
The sun demon is struck by an electric surge.
The sun demon is severely wounded.
The sun demon hits you but does no damage.
Your lightning spire shoots out a bolt of lightning at the sun demon!
The bolt of electricity hits the sun demon.
The sun demon resists.
You catch the helpless sun demon completely off-guard!
You hit the sun demon but do no damage.
The sun demon is almost dead.
The sun demon hits you.
You are engulfed in flames!
You resist. The sun demon hits you!
You are engulfed in flames.
You resist.
* * * LOW HITPOINT WARNING * * *
Unknown command.
You hit the sun demon.
The sun demon is almost dead.
The sun demon hits you!
* * * LOW HITPOINT WARNING * * *
You are engulfed in flames!
You resist.
* * * LOW HITPOINT WARNING * * *
Your lightning spire shoots out a bolt of lightning at the sun demon!
The bolt of electricity hits the sun demon.
The sun demon resists.
You hit the sun demon.
The sun demon is almost dead.
The sun demon hits you!
You die...

##### ##...##
##.....###########
##.§..§..##.≈#....##
#...§.@3...........##
#.....§8............##
#.....................#
#.§...#≈...§..§.......##
##§..####....§....§.....
#...§ ##......#≈#§....
##.§ ##.#§§.####.... ...
#≈....# ##... .... #...


You could see a sun demon (ally target) and a friendly lightning spire
(summoned).

Vanquished Creatures
  Gastronok (Lair:1)
  A hydra (Lair:2)
  3 two-headed ogres
  A skyshark (Lair:1)
  Amaemon (Lair:2)
  An oklob plant (Lair:2)
  An orange demon (Lair:2)
  3 elephants (Lair:2)
  A smoke demon (Volcano)
  4 cane toads
  Maggie (D:6)
  A rime drake (Lair:2)
  An unseen horror (D:10)
  3 komodo dragons
  A troll (D:9)
  2 hornets (D:9)
  Prince Ribbit (D:6)
  12 blink frogs
  Sigmund (D:3)
  2 wyverns
  A wraith (Ossuary)
  17 yaks
  2 shadows (D:10)
  Eustachio (D:6)
  2 basilisks
  Grum (Lair:1)
  Edmund (D:4)
  2 steam dragons
  2 water moccasins
  Duvessa (D:6)
  2 black bears
  3 orc warriors
  Pargi (D:3)
  2 ice beasts (D:6)
  8 wolves
  3 centaurs
  An ogre (D:4)
  A phantom (D:5)
  A kobold brigand (D:6)
  8 bullfrogs
  4 scorpions
  A gnoll sergeant (D:8)
  11 wights
  Dowan (D:6)
  2 jellies
  5 killer bees (D:10)
  3 troll zombies (D:10)
  4 howler monkeys
  3 hounds
  A gnoll bouda (D:6)
  5 orc priests
  4 sleepcaps
  6 iguanas
  Natasha (thrice) (D:2)
  12 orc wizards
  Terence (D:3)
  5 ogre zombies (D:10)
  3 mummies (Ossuary)
  Robin (D:2)
  13 gnolls
  4 adders
  2 shadow imps
  2 white imps
  2 ufetubi
  2 worms
  A dart slug (D:5)
  34 orcs
  6 bats
  6 endoplasms
  A giant cockroach (D:2)
  12 goblins
  9 hobgoblins
  4 jackals
  8 kobolds
  4 quokkas
  8 ball pythons
  3 frilled lizards
  8 goblin zombies
  4 hobgoblin skeletons (D:10)
  5 hobgoblin zombies
  2 kobold zombies (Ossuary)
  An orc skeleton (D:10)
  13 orc zombies (D:10)
  2 rats (D:2)
333 creatures vanquished.

Vanquished Creatures (collateral kills)
  2 elephants (Lair:2)
  2 cane toads
  A rime drake (Lair:2)
  5 blink frogs
  A wyvern (Lair:1)
  4 yaks
  A basilisk (Lair:2)
  3 steam dragons
  A naga (Lair:3)
  2 centaurs (Lair:2)
22 creatures vanquished.

Grand Total: 355 creatures vanquished

Notes
Turn   | Place    | Note
-------+----------+-------------------------------------------
     0 | D:1      | experimilk the Draconian Venom Mage began the quest for the
                  | Orb.
     0 | D:1      | Reached XP level 1. HP: 14/14 MP: 3/3
   382 | D:1      | Reached XP level 2. HP: 20/20 MP: 1/5
   385 | D:1      | Learned a level 2 spell: Poisonous Vapours
  1595 | D:2      | Reached XP level 3. HP: 20/26 MP: 0/6
  2099 | D:2      | Noticed Natasha
  2110 | D:2      | Killed Natasha
  2342 | D:2      | Reached XP level 4. HP: 33/33 MP: 1/7
  2644 | D:2      | Learned a level 4 spell: Olgreb's Toxic Radiance
  2745 | D:2      | Reached skill level 5 in Poison Magic
  2889 | D:2      | Noticed Robin
  3332 | D:2      | Killed Robin
  3974 | D:2      | Noticed Natasha
  4016 | D:2      | Killed Natasha
  4502 | D:2      | Noticed Natasha
  4510 | D:2      | Killed Natasha
  4511 | D:2      | Reached XP level 5. HP: 26/38 MP: 0/8
  4574 | D:2      | Found a runed translucent door.
  4575 | D:2      | Noticed Crazy Yiuf
  5173 | D:3      | Noticed Pargi
  5627 | D:3      | Noticed Sigmund
  5645 | D:3      | Killed Sigmund
  5646 | D:3      | Reached XP level 6. HP: 43/45 MP: 3/9
  6158 | D:3      | Killed Pargi
  6159 | D:3      | Your scales start taking on an icy white colour.
  6159 | D:3      | Reached XP level 7. HP: 14/50 MP: 0/10
  6159 | D:3      | Gained mutation: Your flesh is cold resistant. (rC+) [White
                  | Draconian growth]
  6242 | D:3      | Noticed Terence
  6250 | D:3      | Killed Terence
  8406 | D:4      | Noticed Edmund
  8427 | D:4      | Killed Edmund
  8808 | D:5      | Entered Level 5 of the Dungeon
  8813 | D:5      | Learned a level 3 spell: Mephitic Cloud
  8945 | D:5      | Found an opulent altar of Gozag.
  9375 | D:5      | Reached XP level 8. HP: 35/57 MP: 1/14
 10139 | D:5      | Reached skill level 5 in Spellcasting
 10709 | D:6      | Noticed Eustachio
 10718 | D:6      | Noticed a two-headed ogre
 10726 | D:6      | Killed Eustachio
 11575 | D:6      | Noticed Prince Ribbit
 11579 | D:6      | Killed Prince Ribbit
 11586 | D:6      | Reached XP level 9. HP: 62/62 MP: 13/20
 12093 | D:6      | Found a sparkling altar of Nemelex Xobeh.
 12409 | D:6      | Noticed Duvessa
 12409 | D:6      | Noticed Dowan
 12416 | D:6      | Killed Duvessa
 12420 | D:6      | Killed Dowan
 12496 | D:6      | Killed a two-headed ogre
 12890 | D:6      | Noticed Maggie
 12899 | D:6      | Killed Maggie
 12900 | D:6      | Reached skill level 5 in Dodging
 13464 | D:7      | Found a transporter.
 13490 | D:7      | Learned a level 2 spell: Wereblood
 13492 | D:7      | Learned a level 1 spell: Beastly Appendage
 13757 | D:7      | Found a staircase to the Ecumenical Temple.
 13764 | Temple   | Entered the Ecumenical Temple
 13764 | Temple   | Found a transporter.
 13764 | Temple   | Found a transporter.
 13766 | Temple   | Found a transporter.
 13766 | Temple   | Found a transporter.
 13787 | Temple   | Became a worshipper of Vehumet
 13862 | D:7      | Found a transporter.
 13863 | D:7      | Noticed rinse's ghost (novice VSBr)
 13867 | D:7      | Noticed a two-headed ogre
 13985 | D:7      | Reached XP level 10. HP: 66/69 MP: 23/23
 14215 | D:8      | Found a sand-covered staircase.
 14233 | Ossuary  | Entered an ossuary
 15134 | D:8      | Reached * piety under Vehumet
 15134 | D:8      | Offered knowledge of Freeze by Vehumet.
 15416 | D:8      | Learned a level 5 spell: Arcjolt
 15523 | D:8      | Found a runed translucent door.
 15526 | D:8      | Identified the +10 spear of Slow Death {drain, rF- Will+
                  | Str+2}
 15527 | D:8      | Noticed innerfire43's ghost (novice DsMo)
 16023 | D:8      | Reached skill level 1 in Conjurations
 16023 | D:8      | Reached skill level 1 in Air Magic
 17695 | D:8      | Reached ** piety under Vehumet
 17695 | D:8      | Offered knowledge of Magic Dart by Vehumet.
 17981 | D:10     | Entered Level 10 of the Dungeon
 18218 | D:10     | Found a staircase to the Orcish Mines.
 18606 | D:10     | Reached skill level 5 in Conjurations
 18606 | D:10     | Reached skill level 5 in Air Magic
 18616 | D:10     | Offered knowledge of Searing Ray by Vehumet.
 19158 | D:10     | Reached *** piety under Vehumet
 19377 | D:10     | Found a shadowy altar of Dithmenos.
 19725 | D:10     | Found a staircase to the Lair.
 19747 | D:10     | Reached XP level 11. HP: 74/74 MP: 18/24
 20120 | D:10     | Noticed a two-headed ogre
 20120 | D:10     | Noticed a two-headed ogre
 20132 | D:10     | Killed a two-headed ogre
 20135 | D:10     | Killed a two-headed ogre
 20357 | D:10     | Offered knowledge of Fulminant Prism by Vehumet.
 20980 | Lair:1   | Entered Level 1 of the Lair of Beasts
 20980 | Lair:1   | Noticed Gastronok
 20980 | Lair:1   | Noticed a skyshark
 20988 | Lair:1   | Killed a skyshark
 20993 | Lair:1   | Killed Gastronok
 21134 | Lair:1   | Noticed Grum
 21144 | Lair:1   | Killed Grum
 21226 | Lair:1   | Learned a level 4 spell: Summon Lightning Spire
 23005 | Lair:2   | Reached **** piety under Vehumet
 23119 | Lair:2   | Noticed a five-headed hydra
 23132 | Lair:2   | Killed a five-headed hydra
 23132 | Lair:2   | Offered knowledge of Yara's Violent Unravelling by Vehumet.
 23133 | Lair:2   | Reached XP level 12. HP: 47/81 MP: 25/25
 24263 | Lair:2   | Reached skill level 5 in Summonings
 24855 | Lair:2   | Noticed a four-headed hydra
 25231 | Lair:2   | Found a staircase to the Shoals.
 25242 | Lair:2   | Noticed Amaemon
 25251 | Lair:2   | Killed Amaemon
 25778 | Lair:3   | Found a staircase to the Snake Pit.
 26390 | Lair:3   | Reached skill level 1 in Short Blades
 26489 | Lair:3   | Found a dark tunnel.
 26496 | Volcano  | Entered a volcano
 26665 | Volcano  | Mangled by a sun demon

Illustrated notes

Levels and vault maps discovered:
D:1:      nagdon_arrival_double_spiral, layout_loops_corners,
          chequers_serial_rivers_micro_b, minmay_statues_item
D:2:      layout_basic, minmay_domino_2, uniq_crazy_yiuf_cottage, uniq_natasha,
          uniq_robin
D:3:      layout_basic, uniq_terence, uniq_pargi, uniq_sigmund
D:4:      layout_gridville, kennysheep_nondescript, minmay_quantized,
          uniq_edmund
D:5:      layout_loops_corners, lemuel_doored_altar, chequers_decorated_corner,
          solitary_fountain
D:6:      hangedman_cross_stitches, layout_cave_pods,
          nemelex_xobeh_ov_fountains_minmay, uniq_maggie, uniq_prince_ribbit1,
          uniq_duvessa, uniq_eustachio
D:7:      layout_rooms, minmay_temple_entry_purple_smoke, gammafunk_ghost_smash
D:8:      layout_rooms, ebering_ghost_funeral_grove,
          nicolae_ossuary_entry_ruins, dk_noncrumbling_4
D:9:      layout_gridville
D:10:     layout_cave_pods, mainiacjoe_overflow_alcove_4, dpeg_oklobed_lair,
          zombieorc2_lemuel, minmay_strange_pillars, kennysheep_potato
Temple:   hellmonk_temple_divided_pantheon
Lair:1:   layout_hall_layers, ldierk_geyser, minivault_25, columned_hall_lemuel,
          uniq_gastronok, uniq_grum
Lair:2:   layout_hall_layers, minmay_shoals_entry_centaurs, grunt_megastairs_3,
          uniq_amaemon
Lair:3:   layout_gridlike, guppyfry_snake_entry_island, enter_volcano_1
Volcano:  hellmonk_smoking_crater

Skill      XL: |  1  2  3  4  5  6  7  8  9 10 11 12 |
---------------+-------------------------------------+-----
Poison Magic   | 4 5 7 8 9 |  9.0
Spellcasting   | 4 7 9 |  9.0
Dodging        | 6 7 9 |  9.0
Conjurations   | 5 9 |  9.0
Air Magic      | 5 9 |  9.0
Summonings     | 2 9 |  9.0
Short Blades   | 2 |  2.4
Stealth        | |  1.7
Transmutations | |  1.0

Action                     |  1- 3 |  4- 6 |  7- 9 | 10-12 || total
---------------------------+-------+-------+-------+-------++-------
  Melee: Dagger            |    17 |       |       |       ||    17
         Tailslap          |     4 |     6 |    23 |    32 ||    65
         Short sword       |     9 |    55 |   108 |       ||   172
         Staff             |       |     1 |     1 |    11 ||    13
         Punch             |       |       |     1 |     2 ||     3
         Rapier            |       |       |    14 |   178 ||   192
         Kick              |       |       |     3 |    26 ||    29
         Headbutt          |       |       |     1 |    11 ||    12
         Scimitar          |       |       |       |    13 ||    13
   Cast: Sting             |    46 |    67 |    65 |    24 ||   202
         Poisonous Vapours |    21 |    32 |    22 |    13 ||    88
         Olgreb's Toxic Ra |       |     4 |    50 |   100 ||   154
         Beastly Appendage |       |       |     1 |    16 ||    17
         Wereblood         |       |       |     1 |     9 ||    10
         Mephitic Cloud    |       |       |     1 |    25 ||    26
         Arcjolt           |       |       |       |    83 ||    83
         Summon Lightning  |       |       |       |    29 ||    29
Ability: Breathe Frost     |       |       |    12 |     8 ||    20
  Evoke: Wand              |       |       |       |     2 ||     2
    Use: Scroll            |     1 |     1 |     3 |    12 ||    17
         Potion            |     1 |     1 |       |     5 ||     7
   Stab: Distracted        |       |       |       |     1 ||     1
 Armour: Skin              |    16 |    48 |    46 |   106 ||   216
  Dodge: Dodged            |    31 |    80 |    97 |   238 ||   446

Table legend: (Time is in decaauts)
 A = Elapsed time spent in this place.
 B = Non-inter-level travel time spent in this place.
 C = Inter-level travel time spent in this place.
 D = Time resting spent in this place.
 E = Time spent auto-exploring this place.
 F = Levels seen in this place.
 G = Mean time per level.
                   A        B        C        D        E       F      G
               +--------+--------+--------+--------+--------+-----+--------+
         Total |  26818 |  26004 |    814 |  14400 |   7975 |  16 | 1676.1 |
       Dungeon |  20220 |  19472 |    748 |  10577 |   6398 |  10 | 2022.0 |
        Temple |     38 |     38 |      0 |      0 |      6 |   1 |   38.0 |
          Lair |   5521 |   5455 |     66 |   3284 |   1464 |   3 | 1840.3 |
       Ossuary |    871 |    871 |      0 |    442 |    107 |   1 |  871.0 |
       Volcano |    166 |    166 |      0 |     97 |      0 |   1 |  166.0 |
               +--------+--------+--------+--------+--------+-----+--------+

Top non-repeatable levels by time:
     D:2: 2884 daAuts
  Lair:2: 2788 daAuts
     D:1: 2402 daAuts
     D:9: 2209 daAuts
     D:6: 2174 daAuts
    D:10: 2142 daAuts
     D:5: 2138 daAuts
  Lair:1: 2011 daAuts
     D:4: 1917 daAuts
     D:8: 1771 daAuts
     D:3: 1768 daAuts
 Ossuary: 871 daAuts
     D:7: 810 daAuts
  Lair:3: 721 daAuts
 Volcano: 166 daAuts
